 Dungeon Crawl Stone Soup version 0.19.0-20-gbc5f0c6 (webtiles) character file.

7719 Millan the Blocker (level 11, -3/80 HPs)
             Began as a Formicid Fighter on Nov 17, 2016.
             Was an Elder of Ashenzari.
             Slain by a thrashing horror (10 damage)
             ... on level 2 of the Abyss.
             The game lasted 00:41:54 (13727 turns).

Millan the Blocker (Formicid Fighter)              Turns: 13727, Time: 00:41:54

Health: -3/80      AC: 19    Str: 24      XL:     11   Next: 42%
Magic:  11/11      EV:  7    Int:  8      God:    Ashenzari [****..]
Gold:   631        SH: 14    Dex:  9 (10) Spells: 0 memorised, 10 levels left

rFire  . . .     SeeInvis +     a - +0 war axe
rCold  . . .     Gourm    .     B - +0 plate armour (curse)
rNeg   . . .     Faith    .     c - +0 shield (curse)
rPois  .         Spirit   .     (helmet unavailable)
rElec  .         Reflect  .     t - +1 cloak (curse)
rCorr  .         Harm     .     y - +0 pair of gloves (curse)
MR     +....     Clarity  +     (no boots)
Stlth  ..........               (no amulet)
                                (no ring)
                                x - ring of flight

@: non-regenerating, diseased
A: permanent stasis, dig shafts and tunnels, four strong arms, antennae 3,
deterioration 2, frail 1, MP-powered wands
a: Dig, Shaft Self, Curse Item, Scrying, Renounce Religion, Evoke Flight


You were on level 2 of the Abyss.
You worshipped Ashenzari.
Ashenzari was greatly pleased with you.
You were full.

You visited 2 branches of the dungeon, and saw 12 of its levels.
You visited the Abyss 1 time.

You collected 631 gold pieces.

Inventory:

Hand Weapons
 a - a +0 war axe (weapon)
 I - the +1 whip of the Wasp {slash, MR++ Str-4 Int-4 SInv}
   (You found it on level 9 of the Dungeon)

   It inflicts extra damage upon your enemies.
   It affects your strength (-4).
   It affects your intelligence (-4).
   It affects your resistance to hostile enchantments.
   It lets you see invisible.
Armour
 c - a cursed +0 shield (worn)
 t - a cursed +1 cloak (worn)
 y - a cursed +0 pair of gloves (worn)
 B - a cursed +0 plate armour (worn)
Jewellery
 x - a ring of flight (left hand)
Wands
 m - a wand of slowing (2/48)
 w - a wand of lightning (0/15)
 H - a wand of iceblast (0/15)
Scrolls
 b - 6 scrolls of remove curse
 e - 3 scrolls of recharging
 i - 2 scrolls of identify
 j - 5 scrolls of immolation
 p - 2 scrolls of noise
 r - a scroll of summoning
 s - 2 scrolls of magic mapping
 u - 3 scrolls of amnesia
 z - 5 scrolls of fear
 C - 3 scrolls of enchant armour
 F - 2 scrolls of teleportation
 G - a scroll of blinking {unknown}
 L - a scroll of holy word {unknown}
Potions
 d - a potion of might
 k - 2 potions of lignification
 l - a potion of flight
 n - 2 potions of degeneration
 o - 4 potions of curing
 q - a potion of brilliance
 A - a potion of agility
Books
 v - a book of Necromancy

   Spells                             Type                      Level
   a - Pain                           Necromancy                   1
   b - Animate Skeleton               Necromancy                   1
   c - Vampiric Draining              Necromancy                   3
   d - Regeneration                   Charms/Necromancy            3
   e - Animate Dead                   Necromancy                   4
   f - Control Undead                 Necromancy                   4
 J - a Young Poisoner's Handbook

   Spells                             Type                      Level
   a - Sting                          Conjuration/Poison           1
   b - Mephitic Cloud                 Conjuration/Poison/Air       3
   c - Olgreb's Toxic Radiance        Poison                       4
   d - Alistair's Intoxication        Transmutation/Poison         5
   e - Venom Bolt                     Conjuration/Poison           5
Miscellaneous
 D - a box of beasts
Comestibles
 f - 8 bread rations
 g - 4 fruits
 h - 4 meat rations


   Skills:
 + Level 9.2 Fighting
 + Level 7.7 Axes
 + Level 9.0(12.3) Armour
 * Level 12.9(14.9) Shields


You had 10 spell levels left.
You didn't know any spells.

Dungeon Overview and Level Annotations

Branches:
Dungeon (11/15)            Temple (1/1) D:7            Lair (0/6) D:10
    Orc: D:9-12

Altars:
Ashenzari
Cheibriados
Dithmenos
Elyvilon
Fedhas
Gozag
Hepliaklqana
Kikubaaqudgha
Makhleb
Nemelex Xobeh
Okawaru
Qazlal
Ru
Sif Muna
Trog
Uskayaw
Vehumet
Xom
Yredelemnul
Zin
The Shining One

Annotations:
D:11 Sonja


Innate Abilities, Weirdness & Mutations

You are under a permanent stasis effect.
You can dig through walls and to a lower floor.
Your four strong arms can wield two-handed weapons with a shield.
You have a pair of large antennae on your head. (SInv)
You are frail. (-10% HP)
You expend magic power (3 MP) to strengthen your wands.
[Your body often deteriorates upon taking damage.]


Message History

The thrashing horror barely misses you.
The thrashing horror tramples you but does no damage.
You block the thrashing horror's attack.
The thrashing horror tramples you but does no damage.
The thrashing horror tramples you!
* * * LOW HITPOINT WARNING * * *
You hold your ground!
The thrashing horror tramples you but does no damage. x3
The thrashing horror roars!
The thrashing horror tramples you!
* * * LOW HITPOINT WARNING * * *
You hold your ground!
The thrashing horror tramples you but does no damage.
The thrashing horror roars!
You block the thrashing horror's attack. x2
The thrashing horror roars!
You block the thrashing horror's attack.
The thrashing horror closely misses you.
The thrashing horror tramples you!
You die...

** , , , , ,,* * , , ,
, * * **, * *, * *** *
, , ** * , , , , ,, , ,
** , ** ** * ,, , **,
*,* , * , ,**, ,
**##,** **, * *, , ,
##. * , *,## * * * * ,
, #..#### ##.,,, ,, * *
, * #.@..###.####### **
, *, #..X.X.#{......
##. , * ** .
#.##.........###.#. *
..#.#≈.≈≈.Z......#..# ,
..##≈≈≈≈###...#.. # * ,
....≈≈≈≈≈#.#.....,## ,
*,,...#≈≈≈≈≈.#......!##
*,,,
*,,.#..≈.≈≈≈≈#.Z#.##...
# , , ,* ,
,.≈≈.≈≈.≈...........#


You could see 2 thrashing horrors and a golden dragon zombie.

Vanquished Creatures
  A cyclops (D:11)
  A gargoyle (D:11)
  A troll (D:9)
  2 hippogriffs
  Sigmund (D:4)
  A wyvern (D:11)
  3 yaks (D:9)
  2 hungry ghosts
  Eustachio (D:6)
  7 orc warriors
  3 sky beasts
  2 ice beasts
  A necrophage (D:9)
  6 ogres
  7 centaurs
  Blork the orc (D:6)
  2 big kobolds
  8 bullfrogs
  A scorpion (D:11)
  3 howler monkeys
  6 crimson imps
  3 hounds
  3 bullfrog zombies
  9 orc priests
  2 jellies
  4 iguanas
  A gnoll shaman (D:9)
  16 orc wizards
  9 worker ants
  A hound zombie (D:6)
  A hound skeleton (D:4)
  A howler monkey zombie (D:7)
  3 gnolls (D:9)
  10 adders
  4 shadow imps
  2 adder zombies
  2 adder skeletons
  5 worms
  4 dart slugs
  11 leopard geckos
  45 orcs
  A ball python (D:2)
  6 giant cockroaches
  11 goblins
  5 hobgoblins
  26 jackals
  20 kobolds
  6 quokkas
  6 bats
  14 frilled lizards
  A jackal skeleton (D:7)
  6 rats
298 creatures vanquished.

Vanquished Creatures (collateral kills)
  An oklob plant (D:10)
1 creature vanquished.

Vanquished Creatures (others)
  4 starspawn tentacles (Abyss:1)
4 creatures vanquished.

Grand Total: 303 creatures vanquished

Notes
Turn   | Place    | Note
-------+----------+-------------------------------------------
     0 | D:1      | Millan the Formicid Fighter began the quest for the Orb.
     0 | D:1      | Reached XP level 1. HP: 18/18 MP: 1/1
    64 | D:1      | Reached XP level 2. HP: 17/24 MP: 2/2
   232 | D:1      | Reached skill level 4 in Shields
   335 | D:1      | Reached XP level 3. HP: 18/29 MP: 3/3
   969 | D:2      | Found a shattered altar of Ashenzari.
   983 | D:2      | Became a worshipper of Ashenzari the Shackled
  1243 | D:2      | Reached XP level 4. HP: 35/35 MP: 4/4
  1773 | D:3      | Reached * piety under Ashenzari
  1854 | D:3      | Reached skill level 5 in Shields
  1854 | D:3      | Reached XP level 5. HP: 38/42 MP: 5/5
  2625 | D:3      | Reached XP level 6. HP: 45/48 MP: 6/6
  2877 | D:3      | Found a glowing silver altar of Zin.
  3322 | D:4      | Reached skill level 6 in Shields
  3444 | D:4      | Noticed Sigmund
  3477 | D:4      | Killed Sigmund
  3477 | D:4      | Reached XP level 7. HP: 29/55 MP: 7/7
  3710 | D:4      | Reached skill level 7 in Shields
  3833 | D:4      | Reached skill level 5 in Fighting
  3837 | D:4      | Reached skill level 5 in Armour
  4051 | D:4      | Reached XP level 8. HP: 61/62 MP: 8/8
  4863 | D:5      | Entered Level 5 of the Dungeon
  4991 | D:5      | Reached ** piety under Ashenzari
  5110 | D:5      | Found a blossoming altar of Fedhas.
  5398 | D:5      | Reached skill level 8 in Shields
  6180 | D:5      | Reached XP level 9. HP: 35/69 MP: 9/9
  6205 | D:5      | HP: 2/103 [orc warrior/halberd (9)]
  6212 | D:5      | Reached skill level 5 in Axes
  6588 | D:6      | Reached skill level 9 in Shields
  6823 | D:6      | Noticed Blork the orc
  6847 | D:6      | Killed Blork the orc
  7417 | D:6      | Noticed Eustachio
  7442 | D:6      | Killed Eustachio
  7571 | D:6      | Reached *** piety under Ashenzari
  7737 | D:7      | Reached skill level 10 in Shields
  7879 | D:7      | Noticed a six-headed hydra
  8211 | D:7      | Paralysed by fainting for 12 turns
  8256 | D:7      | Found a staircase to the Ecumenical Temple.
  8750 | D:7      | Reached XP level 10. HP: 73/79 MP: 10/10
  8972 | Temple   | Entered the Ecumenical Temple
  9368 | D:8      | Found an iron altar of Okawaru.
  9459 | D:8      | Reached skill level 11 in Shields
 10092 | D:9      | Reached **** piety under Ashenzari
 10248 | D:9      | Got the cursed whip of the Wasp {slash, MR++ Str-4 Int-4 SInv}
 10251 | D:9      | Identified the cursed +1 whip of the Wasp {slash, MR++ Str-4 Int-4 SInv} (You found it on level 9 of the Dungeon)
 11334 | D:9      | Reached skill level 12 in Shields
 11342 | D:9      | Reached XP level 11. HP: 80/87 MP: 11/11
 11549 | D:10     | Entered Level 10 of the Dungeon
 11726 | D:10     | Noticed an oklob plant
 12017 | D:10     | Found a shadowy altar of Dithmenos.
 12465 | D:10     | Found a staircase to the Lair.
 13073 | D:10     | Killed an oklob plant
 13252 | D:11     | Noticed a cyclops
 13259 | D:11     | Noticed Sonja
 13296 | D:11     | Killed a cyclops
 13313 | D:11     | Cast into level 1 of the Abyss (Sonja)
 13482 | Abyss:1  | Noticed a thrashing horror
 13483 | Abyss:1  | Noticed an unseen horror
 13485 | Abyss:1  | Noticed a large abomination
 13517 | Abyss:1  | Noticed a wretched star
 13549 | Abyss:1  | Noticed a thrashing horror
 13567 | Abyss:1  | Noticed a tentacled starspawn
 13604 | Abyss:1  | Noticed a vampire mage
 13609 | Abyss:1  | Noticed a thrashing horror
 13612 | Abyss:1  | Noticed a flayed ghost
 13643 | Abyss:1  | Noticed a bone dragon
 13649 | Abyss:1  | Found a shimmering altar of Xom.
 13658 | Abyss:1  | Noticed a wretched star
 13673 | Abyss:1  | Gained mutation: You expend magic power (3 MP) to strengthen your wands. [a neqoxec]
 13674 | Abyss:1  | Gained mutation: You are frail. (-10% HP) [a neqoxec]
 13713 | Abyss:2  | Noticed a thrashing horror
 13716 | Abyss:2  | Noticed a thrashing horror
 13727 | Abyss:2  | Slain by a thrashing horror

Skill      XL: |  1  2  3  4  5  6  7  8  9 10 11 |
---------------+----------------------------------+-----
Shields        | 4 5 6 7 8 10 12 | 12.9
Axes           | 3 4 5 7 |  7.7
Fighting       | 4 5 6 7 8 9 |  9.2
Armour         | 4 5 6 7 8 9 |  9.0

Action                   |  1- 3 |  4- 6 |  7- 9 | 10-12 || total
-------------------------+-------+-------+-------+-------++-------
Melee: War axe           |   121 |   209 |   681 |   532 ||  1543
       Whip              |       |       |       |    32 ||    32
Invok: Curse Item        |     1 |       |     2 |       ||     3
       Scrying           |       |       |       |     3 ||     3
 Abil: Dig               |       |     6 |     9 |     5 ||    20
Evoke: Wand              |       |       |    11 |     2 ||    13
       Box of beasts     |       |       |       |     2 ||     2
  Use: Potion            |       |       |     6 |     2 ||     8
       Scroll            |       |       |       |    13 ||    13
  Eat: Chunk             |     1 |     8 |    14 |    15 ||    38
       Beef jerky        |       |       |     1 |     2 ||     3
       Fruit             |       |       |     1 |     1 ||     2
       Meat ration       |       |       |     1 |     1 ||     2
       Pizza             |       |       |     1 |       ||     1
       Royal jelly       |       |       |       |     1 ||     1
Armor: Scale mail        |    55 |    94 |    33 |       ||   182
       Chain mail        |       |       |    96 |       ||    96
       Skin              |       |       |     9 |       ||     9
       Plate armour      |       |       |   188 |   269 ||   457
Dodge: Dodged            |    41 |    51 |   184 |   134 ||   410
Block: Shield            |    63 |   110 |   406 |   447 ||  1026
